Cogmind - Beta 14 @@@ ROGUE MODE // 2024.08.14 @ 11:26:41 Player: Minty Result: Heading to fleet! Performance ------------- Evolutions (9) 4500 Regions Visited (21) 4200 Robots Destroyed (76) 380 Value Destroyed (2942) 2942 Prototype IDs (62) 1240 Alien Tech Used (4) 800 Bonus (14854) 14854 TOTAL SCORE: 28916 Bonus ------- Follower Combat Kills 434 Registered with UFD 300 Met Zhirov 300 Met Warlord at Base 500 MAIN.C Attacked Warlord 500 Warlord Defense Kills 1384 Found Hidden Lab 3000 Used Core Reset Matrix 3000 Hacked Protovariant 500 Acquired SGEMP 2000 Win 3000 Friendly Fire -64 Cogmind --------- Core Integrity 1049/1600 Matter 234/300 Energy 98/100 System Corruption 17% Temperature Cool (0) Movement Core (50) Location To Fleet Rendezvous Parts ------- > --- POWER (2) -------- (None) > --- PROPULSION (8) --- Centrium Leg Centrium Leg Wheel > --- UTILITY (11) ----- Advanced Signal Interpreter Advanced Terrain Scanner System Mapper Deep Network Scanner Advanced System Shield > --- WEAPON (4) ------- (None) > --- INVENTORY (5) ---- Hypervelocity EM Gauss Rifle Tachyon Dispersion Ray Warp Cannon SGEMP Prototype Peak State ------------ > --- POWER ------------ Cooled Fission Core Quantum Reactor > --- PROPULSION ------- Cooled Nuclear Pulse Thruster Field Propulsion Array Field Propulsion Array Field Propulsion Array Improved Diametric Drive > --- UTILITY ---------- Deep Structural Scanner Advanced Sensor Array Advanced Signal Interpreter Experimental Terrain Scanner Improved Utility Shielding System Mapper Deep Network Scanner System Shield System Shield Advanced System Shield > --- WEAPON ----------- Tachyon Dispersion Ray Enhanced Quantum Rifle Warp Cannon > --- INVENTORY -------- Hypervelocity EM Gauss Rifle Precision Phase Gun SGEMP Prototype [Rating: 163] Favorites ----------- Power Subdweller Power Source Engine Subdweller Power Source Power Core Nuclear Core Reactor Fusion Reactor Propulsion Spiked Treads Treads Spiked Treads Leg Centrium Leg Wheel Subdweller Monowheel Flight Unit Cooled Nuclear Pulse Thruster Utility Small Storage Unit Device Advanced Sensor Array Storage Small Storage Unit Processor Advanced Signal Interpreter Hackware Hacking Suite Protection Hardened Light Armor Plating Weapon Advanced Beam Cannon Energy Gun Vortex Rail Energy Cannon Advanced Beam Cannon Ballistic Gun Heavy Machine Gun Ballistic Cannon Magnetic Acceleration Cannon Launcher Grenade Launcher Special Weapon Molecular Deconstructor Build | -11 -10 -10 -8 -8 -6 -5 -5 -5 -5 -4 -4 -4 -4 -4 -3 -3 -3 -3 -2 -2 -1 ------- Run | Yrd Mat Sub Rec Scr Fac Fac Upp Upp Zhi Pro Fac Upp Upp War Pro Res Arm Lab Res Tes Acc Slots Evolved 18 | . . . . . 8 2 . . . . 2 . . . . 2 . . 2 . 2 Power 1 | . . . . . . . . . . . . . . . . 1 . . . . . Propulsion 6 | . . . . . 3 1 . . . . 1 . . . . . . . 1 . . Utility 9 | . . . . . 5 . . . . . 1 . . . . 1 . . 1 . 1 Weapon 2 | . . . . . . 1 . . . . . . . . . . . . . . 1 Parts Attached 174 | . 20 23 1 30 18 3 . 1 8 . 3 4 1 10 4 8 3 8 15 5 9 Power 20 | . 3 4 . 3 3 . . . 1 . . 1 . 1 . . 2 1 1 . . Engine 7 | . 3 4 . . . . . . . . . . . . . . . . . . . Core 9 | . . . . 3 3 . . . . . . . . 1 . . 1 1 . . . Reactor 4 | . . . . . . . . . 1 . . 1 . . . . 1 . 1 . . Propulsion 48 | . 6 7 . 18 3 . . . 2 . 1 . . 2 . . . 2 3 . 4 Treads 23 | . 3 2 . 18 . . . . . . . . . . . . . . . . . Leg 3 | . . . . . . . . . . . . . . . . . . . . . 3 Wheel 9 | . 3 5 . . . . . . . . . . . . . . . . . . 1 Hover . | . . . . . . . . . . . . . . . . . . . . . . Flight 13 | . . . . . 3 . . . 2 . 1 . . 2 . . . 2 3 . . Utility 46 | . 5 2 . 4 10 2 . 1 3 . 2 1 . 3 1 2 1 2 3 3 1 Device 10 | . 1 . . . 1 1 . . 1 . . 1 . . . 1 . 1 . 2 1 Storage 5 | . 2 . . 2 . . . . . . . . . . . . . . . 1 . Processor 6 | . 1 . . . 2 1 . . . . . . . 1 . . . . 1 . . Hackware 7 | . . . . . 2 . . 1 . . 1 . . . . 1 . 1 1 . . Protection 18 | . 1 2 . 2 5 . . . 2 . 1 . . 2 1 . 1 . 1 . . Artifact . | . . . . . . . . . . . . . . . . . . . . . . Weapon 60 | . 6 10 1 5 2 1 . . 2 . . 2 1 4 3 6 . 3 8 2 4 Energy Gun 12 | . . . . . . . . . . . . . 1 3 1 1 . 1 3 2 . Energy Cannon 23 | . 4 7 . . . . . . . . . . . 1 2 2 . 1 2 . 4 Ballistic Gun 16 | . . 2 . 4 2 1 . . 2 . . 1 . . . 1 . . 3 . . Ballistic Cannon 3 | . . . . 1 . . . . . . . . . . . 2 . . . . . Launcher 4 | . 2 1 1 . . . . . . . . . . . . . . . . . . Special Weapon 2 | . . . . . . . . . . . . 1 . . . . . 1 . . . Impact Weapon . | . . . . . . . . . . . . . . . . . . . . . . Slashing Weapon . | . . . . . . . . . . . . . . . . . . . . . . Piercing Weapon . | . . . . . . . . . . . . . . . . . . . . . . Special Melee Weapon . | . . . . . . . . . . . . . . . . . . . . . . Unidentified Prototypes 22 | . 1 . . . . . . . 4 . . 1 . 5 1 2 1 5 . 2 . Corrupted Parts 1 | . . . . . . . . . . . . . . . . . . . . . 1 System Corruption 1 | . . . . . . . . . . . . . . . . . . . . . 1 Parts Lost 35 | . . 6 . . 4 . 1 4 . . . . . 2 1 . . . 3 1 13 Power 4 | . . 1 . . . . . 1 . . . . . . . . . . . . 2 Propulsion 12 | . . 3 . . 1 . . . . . . . . . . . . . 3 . 5 Utility 14 | . . 1 . . 3 . 1 2 . . . . . 1 . . . . . 1 5 Weapon 5 | . . 1 . . . . . 1 . . . . . 1 1 . . . . . 1 Highest Loss Streak 11 | . . 3 . . 2 . 1 4 . . . . . 2 1 . . . 2 1 11 To Critical Strikes . | . . . . . . . . . . . . . . . . . . . . . . Average Slot Usage (%) 89 | . 98 97 100 91 70 70 74 66 55 76 75 78 83 83 82 78 85 80 80 80 34 Engine 6 | . 14 13 14 2 . . . . . . . . . . . . . . . . . Core 2 | . . . . 6 5 5 5 1 . . . . . . 5 4 4 4 4 4 . Treads 15 | . 23 16 28 28 . . . . . . . . . . . . . . . . . Wheel 2 | . 2 9 . . . . . . . . . . . . . . . . . . . Flight 5 | . . . . . 8 10 10 10 13 17 21 21 21 21 21 19 19 21 23 21 2 Device 3 | . 9 . . . 4 5 5 4 1 5 . 5 5 5 5 8 9 9 8 8 4 Storage 9 | . 14 14 14 13 . . . . . . . . . . . . . . . . . Processor 2 | . . . . . 10 5 10 10 11 11 10 5 5 5 10 4 4 4 4 4 4 Hackware 5 | . . . . . 10 10 10 15 17 17 21 21 21 21 21 23 23 23 23 23 13 Protection 10 | . 2 14 14 12 17 20 18 7 5 5 7 10 10 9 5 4 4 4 4 4 . Energy Gun 1 | . . . . . . . . . . . . . 4 13 4 . . . 4 4 . Energy Cannon 11 | . 25 22 14 5 . . . . . . . . . . 9 9 9 8 . 4 2 Ballistic Gun 6 | . 2 5 . 15 11 15 15 12 1 11 10 9 10 1 . 2 4 2 2 . . Launcher 2 | . . . 14 5 . . . . . . . . . . . . . . . . . Peak Build Rating 163 | . 13 17 16 28 87 90 89 90 99 99 111 124 117 132 129 136 143 135 151 163 155 Average Rating 46 | . 12 13 16 20 82 83 88 80 73 99 108 111 116 127 123 133 140 123 136 148 65 On Entrance 85 | 6 6 13 17 16 27 78 89 88 71 99 99 109 112 117 123 119 134 142 106 146 155 Naked Turns . | . . . . . . . . . . . . . . . . . . . . . . Heaviest Build 64 | 11 23 31 26 44 41 28 28 27 25 25 25 27 31 50 42 49 64 44 56 57 57 Greatest Support 61 | 20 40 40 40 40 40 28 28 28 36 42 42 51 42 44 47 47 44 44 58 61 58 Greatest Overweight (x) 14 | . 1 7 . 1 1 . . 3 4 . . . . 1 . 14 1 1 . . 1 Average Overweight (x) . | . . . . . . . . . . . . . . . . . . . . . . Largest Inventory Capacity 25 | . 25 8 8 15 15 5 5 5 5 5 5 5 5 5 5 5 5 5 5 20 5 Average Capacity 7 | . 8 8 8 10 5 5 5 5 5 5 5 5 5 5 5 5 5 5 5 5 5 Most Carried 15 | . 8 8 8 15 15 5 5 5 5 5 4 5 5 5 5 5 5 5 5 5 5 Average Carried 7 | . 7 7 8 8 4 3 5 4 4 5 3 4 5 4 5 4 4 4 4 4 4 Final Capacity 15 | 8 8 8 8 15 5 5 5 5 5 5 5 5 5 5 5 5 5 5 5 5 5 Final Carried 15 | 6 8 8 8 15 3 5 5 5 5 5 4 5 5 5 5 5 4 5 3 5 5 Class Distribution -------------------- 65% | Mutant 14% | Hacker-Sprinter 7% | Hacker-Mutant 6% | Wizard-Scout Dominant Class ---------------- Mutant | -10/Materials Mutant | -10/Subcaves Mutant | -8/Recycling Mutant | -8/Scraptown Hacker-Mutant | -6/Factory Hacker-Tank | -5/Factory Hacker-Tank | -5/Upper Caves Hacker-Mutant | -5/Upper Caves Hacker-Mutant | -5/Zhirov Hacker-Sprinter | -4/Proximity Caves Hacker-Sprinter | -4/Factory Hacker-Sprinter | -4/Upper Caves Hacker-Sprinter | -4/Upper Caves Hacker-Sprinter | -4/Warlord Hacker-Scout | -3/Proximity Caves Wizard-Scout | -3/Research Wizard-Scout | -3/Armory Wizard-Scout | -3/Lab Wizard-Scout | -2/Research Wizard-Scout | -2/Testing Hacker-Mutant | -1/Access Resources | -11 -10 -10 -8 -8 -6 -5 -5 -5 -5 -4 -4 -4 -4 -4 -3 -3 -3 -3 -2 -2 -1 ----------- Run | Yrd Mat Sub Rec Scr Fac Fac Upp Upp Zhi Pro Fac Upp Upp War Pro Res Arm Lab Res Tes Acc Matter Collected 2646 | 200 305 254 73 320 181 46 309 . . 104 . 232 67 112 20 105 . . 295 . 23 Remotely . | . . . . . . . . . . . . . . . . . . . . . . Salvage Created 3137 | . 738 827 73 . 78 46 119 191 . . . 110 48 392 . 130 . . 385 . . Parts 168 | . 46 55 1 . 1 4 9 11 . . . 7 6 5 . 9 . . 14 . . Haulers Intercepted 2 | . 2 . . . . . . . . . . . . . . . . . . . . Recyclers Shooed 4 | . 3 . . . . . . . . . . . . . . . . . 1 . . Parts Field Recycled . | . . . . . . . . . . . . . . . . . . . . . . Retrieved Matter . | . . . . . . . . . . . . . . . . . . . . . . Parts Self-Destructed 48 | . . 16 . . . . 9 11 . . . 7 5 . . . . . . . . Prevented 3 | . . . . . . . . 3 . . . . . . . . . . . . . Kills | -11 -10 -10 -8 -8 -6 -5 -5 -5 -5 -4 -4 -4 -4 -4 -3 -3 -3 -3 -2 -2 -1 ------- Run | Yrd Mat Sub Rec Scr Fac Fac Upp Upp Zhi Pro Fac Upp Upp War Pro Res Arm Lab Res Tes Acc Combat Hostiles Destroyed 62 | . 10 23 . . 2 1 3 6 . . . 2 1 9 . 1 . . 4 . . Guns 29 | . 2 6 . . 1 1 3 6 . . . 2 1 7 . . . . . . . Cannons 21 | . 5 12 . . . . . . . . . . . . . 1 . . 3 . . AOE 5 | . 2 1 . . 1 . . . . . . . . 1 . . . . . . . Classes Destroyed 18 | . 7 5 1 . . 1 . . . . . . . 3 . 1 . . . . . Worker 3 | . 3 . . . . . . . . . . . . . . . . . . . . Builder 1 | . . . 1 . . . . . . . . . . . . . . . . . . Hauler 2 | . 2 . . . . . . . . . . . . . . . . . . . . Recycler 4 | . 3 . 1 . . . . . . . . . . . . . . . . . . Operator 1 | . 1 . . . . . . . . . . . . . . . . . . . . Turret 1 | . . 1 . . . . . . . . . . . . . . . . . . . Watcher 2 | . 2 . . . . . . . . . . . . . . . . . . . . Swarmer 18 | . 3 8 . . . . 2 4 . . . . . 1 . . . . . . . Grunt 16 | . 7 . . . 2 . . . . . . . . 4 . . . . 3 . . Brawler 1 | . . . . . . . . . . . . . . 1 . . . . . . . Sentry 3 | . . 1 . . . . 1 . . . . . . . . . . . 1 . . Hunter 1 | . . . . . . . . . . . . . . 1 . . . . . . . Programmer 6 | . . . . . . 1 . 2 . . . 2 1 . . . . . . . . Behemoth 1 | . . . . . . . . . . . . . . . . 1 . . . . . Executioner 2 | . . . . . . . . . . . . . . 2 . . . . . . . Artisan 1 | . . 1 . . . . . . . . . . . . . . . . . . . Cobbler 1 | . . 1 . . . . . . . . . . . . . . . . . . . Subdweller 14 | . . 14 . . . . . . . . . . . . . . . . . . . Best Kill Streak 7 | . 6 4 2 . 1 1 2 6 . . . 2 1 7 . 1 . . 4 . . Combat Bots Only 7 | . 3 4 . . 1 1 2 6 . . . 2 1 7 . 1 . . 4 . . Max Kills in Single Turn 3 | . 3 1 1 . 1 1 1 1 . . . 1 1 2 . 1 . . 1 . . Gunslinging 1 | . . . . . . . . . . . . . . 1 . . . . . . . Exploded 2 | . 2 1 . . 1 . . . . . . . . 1 . . . . . . . Melee . | . . . . . . . . . . . . . . . . . . . . . . Uniques/NPCs Destroyed . | . . . . . . . . . . . . . . . . . . . . . . Combat | -11 -10 -10 -8 -8 -6 -5 -5 -5 -5 -4 -4 -4 -4 -4 -3 -3 -3 -3 -2 -2 -1 -------- Run | Yrd Mat Sub Rec Scr Fac Fac Upp Upp Zhi Pro Fac Upp Upp War Pro Res Arm Lab Res Tes Acc Hostile Shots Fired 824 | . 33 140 . . 68 6 18 78 . 15 16 36 2 65 34 12 . 9 25 16 251 Missed 315 | . 9 52 . . 31 2 9 32 . 10 9 20 . 40 17 5 . 4 14 7 54 Damage Taken 7777 | . 304 1540 . . 742 84 164 847 . 75 136 171 42 730 344 152 . 130 470 261 1585 Core 1312 | . 43 193 . . 56 . 16 71 . . . . . 182 39 35 . 25 97 4 551 Absorbed by Shields . | . . . . . . . . . . . . . . . . . . . . . . Redirected to Shielding 587 | . . . . . 168 25 36 54 . . 30 46 . 115 . . . . 13 27 73 Regen/Repaired (Parts) 36 | . . . . . 34 . . . . . . . . 2 . . . . . . . Core Remaining (%) 76 | 100 . . . 5 93 . . . . 91 . . . . 80 . . 87 . 88 65 Volleys Fired 261 | . 43 96 6 . 19 4 9 17 . . 1 6 2 17 7 7 . 1 19 2 5 Largest 3 | . 2 2 1 . 2 3 3 3 . . 2 2 2 3 3 2 . 1 2 1 1 Hottest 291 | . 136 160 30 . 60 90 90 90 . . 60 60 60 150 291 215 . 105 100 100 120 Shots Fired 496 | . 81 173 6 . 38 12 27 37 . . 2 12 4 49 13 12 . 1 22 2 5 Gun 255 | . 36 23 . . 38 12 27 37 . . 2 12 4 49 6 . . . 9 . . Cannon 226 | . 40 146 . . . . . . . . . . . . 7 12 . 1 13 2 5 Launcher 15 | . 5 4 6 . . . . . . . . . . . . . . . . . . Special . | . . . . . . . . . . . . . . . . . . . . . . Kinetic 195 | . 36 23 . . 38 12 27 37 . . 2 12 4 . . . . . 4 . . Thermal 229 | . 40 146 . . . . . . . . . . . . 13 7 . 1 15 2 5 Explosive 15 | . 5 4 6 . . . . . . . . . . . . . . . . . . Electromagnetic 24 | . . . . . . . . . . . . . . 16 . 5 . . 3 . . Entropic 33 | . . . . . . . . . . . . . . 33 . . . . . . . Robot Hit Streak 15 | . 6 15 . . 7 3 3 4 . . 2 4 7 8 1 5 . . 3 4 9 Robot Miss Streak 7 | . 3 5 . . 7 3 2 3 . . 1 1 . 3 4 1 . . 4 . . Penetration Max 2 | . . . . . . . . . . . . . . 2 . . . . . . . Secondary Targets 5 | . . . . . 1 . . 2 . . . . . 2 . . . . . . . Max Gunslinging Chain 1 | . . . . . 1 . . 1 . . . . . 1 . . . . . . . Shots Hit Robots 269 | . 40 97 . . 25 6 13 20 . . 1 7 4 31 5 9 . . 5 1 5 Core Hits 133 | . 29 34 1 . 14 2 5 8 . . . 5 2 21 2 4 . . 5 1 . Critical Kills 7 | . 1 5 . . . . . . . . . . . . . . . . 1 . . Critical Parts Destroyed 3 | . . . . . . . . . . . . . . 3 . . . . . . . Critical Strikes 10 | . 1 5 . . . . . . . . . . . 3 . . . . 1 . . Meltdown 7 | . 1 5 . . . . . . . . . . . . . . . . 1 . . Detonate 3 | . . . . . . . . . . . . . . 3 . . . . . . . Melee Attacks . | . . . . . . . . . . . . . . . . . . . . . . Impact . | . . . . . . . . . . . . . . . . . . . . . . Slashing . | . . . . . . . . . . . . . . . . . . . . . . Piercing . | . . . . . . . . . . . . . . . . . . . . . . Sneak Attacks . | . . . . . . . . . . . . . . . . . . . . . . Combat Hostiles . | . . . . . . . . . . . . . . . . . . . . . . Follow-up Attacks . | . . . . . . . . . . . . . . . . . . . . . . Damage Inflicted 8775 | . 834 2163 7 . 552 159 254 547 . 17 16 215 116 2416 154 384 . . 637 72 232 Guns 3913 | . 226 236 . . 552 159 254 547 . . 16 215 116 1513 46 . . . 33 . . Cannons 3569 | . 390 1819 . . . . . . . . . . . . 108 384 . . 604 42 222 Explosions 1213 | . 202 108 . . . . . . . . . . . 903 . . . . . . . Melee . | . . . . . . . . . . . . . . . . . . . . . . Ramming 80 | . 16 . 7 . . . . . . 17 . . . . . . . . . 30 10 Kinetic 2349 | . 226 236 . . 552 159 254 547 . . 16 215 116 . . . . . 28 . . Thermal 4375 | . 390 1819 . . . . . . . . . . . 903 154 241 . . 604 42 222 Explosive 310 | . 202 108 . . . . . . . . . . . . . . . . . . . Electromagnetic 309 | . . . . . . . . . . . . . . 161 . 143 . . 5 . . Impact . | . . . . . . . . . . . . . . . . . . . . . . Slashing . | . . . . . . . . . . . . . . . . . . . . . . Piercing . | . . . . . . . . . . . . . . . . . . . . . . Entropic 1352 | . . . . . . . . . . . . . . 1352 . . . . . . . Highest Corruption 17 | . . . . . . . . 7 7 7 . 1 1 1 . . . 2 . . 17 Average Corruption 6 | . . . . . . . . 4 7 7 . 1 1 1 . . . 1 . . 13 Corruption Purged . | . . . . . . . . . . . . . . . . . . . . . . Corruption Blocked . | . . . . . . . . . . . . . . . . . . . . . . Effects 22 | . . . . . . . . 4 1 1 . 1 2 . . . . 2 . . 11 Message Errors 4 | . . . . . . . . 2 . . . . . . . . . . . . 2 Matter Fused 8 | . . . . . . . . 2 1 . . . 2 . . . . . . . 3 Heat Flow Errors 2 | . . . . . . . . . . . . . . . . . . . . . 2 Parts Rejected 1 | . . . . . . . . . . . . . . . . . . . . . 1 Data Loss (minor) 2 | . . . . . . . . . . . . 1 . . . . . . . . 1 Data Loss (major) 2 | . . . . . . . . . . 1 . . . . . . . 1 . . . Alerts 2 | . . . . . . . . . . . . . . . . . . 1 . . 1 Misdirections 1 | . . . . . . . . . . . . . . . . . . . . . 1 Overload Shots . | . . . . . . . . . . . . . . . . . . . . . . Overflow Damage 88 | . 28 13 . . . . . . . . . . . . . . . . 37 . 10 Projectiles 60 | . . 13 . . . . . . . . . . . . . . . . 37 . 10 Explosions 28 | . 28 . . . . . . . . . . . . . . . . . . . . Melee . | . . . . . . . . . . . . . . . . . . . . . . Knockbacks 1 | . 1 . . . . . . . . . . . . . . . . . . . . Impact 1 | . 1 . . . . . . . . . . . . . . . . . . . . Kinetic . | . . . . . . . . . . . . . . . . . . . . . . Secondary . | . . . . . . . . . . . . . . . . . . . . . . Self-Inflicted Damage 81 | . 26 27 . . . . . . . 8 . . . . . . . . . 15 5 Shots 2 | . 1 1 . . . . . . . . . . . . . . . . . . . Rammed 10 | . 7 . . . . . . . . 1 . . . . . . . . . 1 1 Targets Rammed 12 | . 7 . 2 . . . . . . 1 . . . . . . . . . 1 1 Kicked . | . . . . . . . . . . . . . . . . . . . . . . Crushed 2 | . . . 2 . . . . . . . . . . . . . . . . . . Highest Temperature 429 | . 396 216 . . 146 71 112 67 . 4 . 76 . 110 389 166 . 75 132 29 429 Average Temperature 77 | . 122 66 . . 62 38 51 30 . 4 . 41 . 28 175 95 . 36 59 12 182 Received Heat Transfer 1477 | . 114 297 . . 267 . 18 39 . . . . . 81 18 39 . . 18 18 568 Effects 1 | . 1 . . . . . . . . . . . . . . . . . . . . Energy Bleed 1 | . 1 . . . . . . . . . . . . . . . . . . . . Siege Activations . | . . . . . . . . . . . . . . . . . . . . . . Robots Corrupted . | . . . . . . . . . . . . . . . . . . . . . . Combat Hostiles . | . . . . . . . . . . . . . . . . . . . . . . Parts Fried . | . . . . . . . . . . . . . . . . . . . . . . Impact Corruptions . | . . . . . . . . . . . . . . . . . . . . . . Robots Melted 7 | . 1 5 . . . . . . . . . . . . . . . . 1 . . Combat Hostiles 6 | . 1 4 . . . . . . . . . . . . . . . . 1 . . Parts Melted 14 | . . 13 . . . . . . . . . . . . . 1 . . . . . Heat Transferred 5322 | . 703 3071 . . . . . . . . . . . 550 185 222 . . 481 37 73 Parts Sabotaged . | . . . . . . . . . . . . . . . . . . . . . . Parts Stolen . | . . . . . . . . . . . . . . . . . . . . . . Parts Stripped . | . . . . . . . . . . . . . . . . . . . . . . Power Chain Reactions . | . . . . . . . . . . . . . . . . . . . . . . Alert | -11 -10 -10 -8 -8 -6 -5 -5 -5 -5 -4 -4 -4 -4 -4 -3 -3 -3 -3 -2 -2 -1 ------- Run | Yrd Mat Sub Rec Scr Fac Fac Upp Upp Zhi Pro Fac Upp Upp War Pro Res Arm Lab Res Tes Acc Peak Influence 348 | . 301 . 67 . 174 162 . . . . 348 . . . . 130 27 . 175 179 195 Initial 318 | . . . 46 . . 84 . . . . 318 . . . . 43 27 . . 98 107 Average 98 | . 142 . 42 . 84 139 . . . . 327 . . . . 71 27 . 46 121 77 Maximum Alert Level 1 | . 1 . . . . . . . . . 1 . . . . . . . . . . Low Security (%) 89 | . 76 . 100 . 100 100 . . . . . . . . . 100 100 . 100 100 100 Level 1 10 | . 23 . . . . . . . . . 100 . . . . . . . . . . Level 2 . | . . . . . . . . . . . . . . . . . . . . . . Level 3 . | . . . . . . . . . . . . . . . . . . . . . . Level 4 . | . . . . . . . . . . . . . . . . . . . . . . Level 5 . | . . . . . . . . . . . . . . . . . . . . . . High Security . | . . . . . . . . . . . . . . . . . . . . . . Max Security . | . . . . . . . . . . . . . . . . . . . . . . Squads Dispatched 26 | . 4 . . . 5 . . 1 . . . . . . . 4 . . 7 4 1 Investigation 15 | . 3 . . . 4 . . . . . . . . . . 3 . . 3 1 1 Extermination . | . . . . . . . . . . . . . . . . . . . . . . Reinforcement 8 | . 1 . . . 1 . . . . . . . . . . 1 . . 3 2 . Assault 2 | . . . . . . . . 1 . . . . . . . . . . . 1 . Garrison 1 | . . . . . . . . . . . . . . . . . . . 1 . . Intercept . | . . . . . . . . . . . . . . . . . . . . . . Searches Triggered . | . . . . . . . . . . . . . . . . . . . . . . Construction Impeded 1 | . . . . . . . . . . . . . . . . 1 . . . . . Haulers Reinforced . | . . . . . . . . . . . . . . . . . . . . . . Active Scanning Responses . | . . . . . . . . . . . . . . . . . . . . . . Cargo Convoy Interrupts . | . . . . . . . . . . . . . . . . . . . . . . Stealth | -11 -10 -10 -8 -8 -6 -5 -5 -5 -5 -4 -4 -4 -4 -4 -3 -3 -3 -3 -2 -2 -1 --------- Run | Yrd Mat Sub Rec Scr Fac Fac Upp Upp Zhi Pro Fac Upp Upp War Pro Res Arm Lab Res Tes Acc Distress Signals 11 | . 1 . . . 1 . . . . . 1 . . 3 . 2 . . . 2 1 Communications Jammed . | . . . . . . . . . . . . . . . . . . . . . . Distress Signals . | . . . . . . . . . . . . . . . . . . . . . . Times Spotted 227 | . 18 25 . . 26 1 2 21 . 8 5 8 1 51 8 10 . 1 17 6 19 Peak Tracking Total 13 | . 4 3 . . 8 1 2 13 . 6 4 5 1 13 9 5 . 1 5 4 9 Tactical Retreats 25 | . 1 2 . . 4 . . 4 . 1 . 1 . 3 3 . . . 1 1 4 Traps | -11 -10 -10 -8 -8 -6 -5 -5 -5 -5 -4 -4 -4 -4 -4 -3 -3 -3 -3 -2 -2 -1 ------- Run | Yrd Mat Sub Rec Scr Fac Fac Upp Upp Zhi Pro Fac Upp Upp War Pro Res Arm Lab Res Tes Acc Traps Triggered 10 | . 3 3 . . 1 . . . . . . . . . . 1 . . 1 . 1 Indirectly . | . . . . . . . . . . . . . . . . . . . . . . Trap Hack Attempts . | . . . . . . . . . . . . . . . . . . . . . . Triggered . | . . . . . . . . . . . . . . . . . . . . . . Disarmed . | . . . . . . . . . . . . . . . . . . . . . . Reprogrammed . | . . . . . . . . . . . . . . . . . . . . . . Reused 3 | . . . . . 3 . . . . . . . . . . . . . . . . Traps Extracted . | . . . . . . . . . . . . . . . . . . . . . . Installed 4 | . . 1 . . 3 . . . . . . . . . . . . . . . . Triggered 23 | . . . . . 3 . . 1 . . . . . 19 . . . . . . . Most Traps Carried 3 | . . 1 . 3 3 . . . . . . . . . . . . . . . . Objects Rigged 3 | . . . . . . 2 . . . . . . . . . 1 . . . . . Machines | -11 -10 -10 -8 -8 -6 -5 -5 -5 -5 -4 -4 -4 -4 -4 -3 -3 -3 -3 -2 -2 -1 ---------- Run | Yrd Mat Sub Rec Scr Fac Fac Upp Upp Zhi Pro Fac Upp Upp War Pro Res Arm Lab Res Tes Acc Machines Disabled 13 | . 1 4 . . . . . . . . . 1 . 3 1 . . 1 1 1 . Max in Single Turn 1 | . 1 1 . . . . . . . . . 1 . 1 1 . . 1 . 1 . Machines Repaired . | . . . . . . . . . . . . . . . . . . . . . . Machines Dismantled . | . . . . . . . . . . . . . . . . . . . . . . Machines Sabotaged . | . . . . . . . . . . . . . . . . . . . . . . Overloaded Fab Kills . | . . . . . . . . . . . . . . . . . . . . . . Hacking | -11 -10 -10 -8 -8 -6 -5 -5 -5 -5 -4 -4 -4 -4 -4 -3 -3 -3 -3 -2 -2 -1 --------- Run | Yrd Mat Sub Rec Scr Fac Fac Upp Upp Zhi Pro Fac Upp Upp War Pro Res Arm Lab Res Tes Acc Machines Accessed 60 | . 9 2 9 3 5 3 . . 5 . 1 . . 6 . 4 . . 6 5 2 Terminals 27 | . 7 . 6 . 2 1 . . . . 1 . . . . 2 . . 3 3 2 Fabricators 4 | . . . . . . 2 . . . . . . . . . . . . . 2 . Repair Stations 2 | . . . . . 2 . . . . . . . . . . . . . . . . Recycling Units 10 | . 2 . 3 . 1 . . . . . . . . . . 2 . . 2 . . Scanalyzers 1 | . . . . . . . . . . . . . . . . . . . 1 . . Garrison Access . | . . . . . . . . . . . . . . . . . . . . . . Total Hacks 214 | . 26 5 27 30 10 7 . . 18 . 2 . . 12 . 20 . . 21 30 6 Successful 150 | . 18 5 11 30 3 3 . . 18 . 1 . . 12 . 13 . . 16 18 2 Failed 64 | . 8 . 16 . 7 4 . . . . 1 . . . . 7 . . 5 12 4 Catastrophic 10 | . . . 3 . 3 3 . . . . . . . . . . . . . 1 . Database Lockouts . | . . . . . . . . . . . . . . . . . . . . . . Manual 82 | . 18 . 8 . 7 2 . . . . 2 1 . 1 . 15 . 1 9 14 4 Terminals 100 | . 22 . 21 . 3 3 . . . . 2 . . . . 12 . . 12 19 6 Fabricators 15 | . . . . . . 4 . . . . . . . . . . . . . 11 . Repair Stations 6 | . . . . . 6 . . . . . . . . . . . . . . . . Recycling Units 25 | . 4 . 6 . 1 . . . . . . . . . . 8 . . 6 . . Scanalyzers 3 | . . . . . . . . . . . . . . . . . . . 3 . . Garrison Access . | . . . . . . . . . . . . . . . . . . . . . . Terminal Hacks 101 | . 5 5 6 30 . 1 . . 18 . . . . 12 . 5 . . 7 10 2 Record 40 | . . 4 . 24 . . . . 6 . . . . 5 . . . . 1 . . Part Schematic 8 | . . . 2 . . . . . 4 . . . . . . . . . 1 1 . Robot Analysis 12 | . 1 . 1 6 . . . . 4 . . . . . . . . . . . . Prototype ID Bank 12 | . . . 2 . . . . . 4 . . . . 5 . . . . 1 . . Open Door 3 | . . . . . . . . . . . . . . 2 . . . . . . 1 Level Access Points 2 | . . . . . . 1 . . . . . . . . . . . . . . 1 Branch Access Points 3 | . . . . . . . . . . . . . . . . 1 . . 1 1 . Terminal Index 2 | . 1 . . . . . . . . . . . . . . 1 . . . . . Fabricator Index 1 | . . . . . . . . . . . . . . . . . . . . 1 . Garrison Index 1 | . . . . . . . . . . . . . . . . . . . . 1 . Alert Level 8 | . 2 . 1 . . . . . . . . . . . . 1 . . 2 2 . Unreport Threat 2 | . . . . . . . . . . . . . . . . 2 . . . . . Locate Traps 3 | . 1 . . . . . . . . . . . . . . . . . 1 1 . Security Status 1 | . . . . . . . . . . . . . . . . . . . . 1 . Patrol Status 1 | . . . . . . . . . . . . . . . . . . . . 1 . Derelict Proto ID Bank 1 | . . 1 . . . . . . . . . . . . . . . . . . . Protovariant Controls 1 | . . . . . . . . . . . . . . . . . . . . 1 . Fabricator Hacks 2 | . . . . . . 1 . . . . . . . . . . . . . 1 . Network Status 1 | . . . . . . 1 . . . . . . . . . . . . . . . Build 1 | . . . . . . . . . . . . . . . . . . . . 1 . Repair Station Hacks . | . . . . . . . . . . . . . . . . . . . . . . Recycling Unit Hacks 11 | . 3 . 4 . . . . . . . . . . . . 2 . . 2 . . Process 1 | . . . . . . . . . . . . . . . . . . . 1 . . Report Inventory 6 | . 2 . 1 . . . . . . . . . . . . 2 . . 1 . . Retrieve Components 4 | . 1 . 3 . . . . . . . . . . . . . . . . . . Scanalyzer 3 | . . . . . . . . . . . . . . . . . . . 3 . . Insert Component 1 | . . . . . . . . . . . . . . . . . . . 1 . . Analyze 2 | . . . . . . . . . . . . . . . . . . . 2 . . Garrison Access Hacks . | . . . . . . . . . . . . . . . . . . . . . . Unauthorized Hacks 33 | . 10 . 1 . 3 1 . . . . 1 . . . . 6 . . 4 7 . Terminals 21 | . 9 . 1 . 1 1 . . . . 1 . . . . 4 . . 2 2 . Assimilate 1 | . . . . . . . . . . . 1 . . . . . . . . . . Botnet 10 | . 3 . 1 . 1 . . . . . . . . . . 2 . . 2 1 . Detonate 2 | . . . . . . 1 . . . . . . . . . 1 . . . . . Disrupt 1 | . . . . . . . . . . . . . . . . . . . . 1 . Operators 2 | . 1 . . . . . . . . . . . . . . 1 . . . . . Skim 5 | . 5 . . . . . . . . . . . . . . . . . . . . Fabricators 5 | . . . . . . . . . . . . . . . . . . . . 5 . Prioritize 2 | . . . . . . . . . . . . . . . . . . . . 2 . Liberate 1 | . . . . . . . . . . . . . . . . . . . . 1 . Fabnet 1 | . . . . . . . . . . . . . . . . . . . . 1 . Haulers 1 | . . . . . . . . . . . . . . . . . . . . 1 . Repair Stations 6 | . . . . . 2 . . . . . . . . . . 2 . . 2 . . Patch 1 | . . . . . 1 . . . . . . . . . . . . . . . . Recycling Units 1 | . 1 . . . . . . . . . . . . . . . . . . . . Tunnel 1 | . 1 . . . . . . . . . . . . . . . . . . . . Scrapoids 5 | . . . . . 1 . . . . . . . . . . 2 . . 2 . . Scanalyzers . | . . . . . . . . . . . . . . . . . . . . . . Garrison Access . | . . . . . . . . . . . . . . . . . . . . . . Data Cores Recovered . | . . . . . . . . . . . . . . . . . . . . . . Used . | . . . . . . . . . . . . . . . . . . . . . . Hacking Detections 37 | . 8 . 8 . 4 3 . . . . 1 . . . . 3 . . 5 4 1 Full Trace Events 7 | . . . 5 . 1 . . . . . . . . . . . . . . 1 . Feedback Events . | . . . . . . . . . . . . . . . . . . . . . . Feedback Blocked . | . . . . . . . . . . . . . . . . . . . . . . Robot Schematics Acquired . | . . . . . . . . . . . . . . . . . . . . . . Robots Built . | . . . . . . . . . . . . . . . . . . . . . . Authchips . | . . . . . . . . . . . . . . . . . . . . . . Time . | . . . . . . . . . . . . . . . . . . . . . . Total Robot Build Rating . | . . . . . . . . . . . . . . . . . . . . . . Part Schematics Acquired 8 | . . . 2 . . . . . 4 . . . . . . . . . 1 1 . Parts Built . | . . . . . . . . . . . . . . . . . . . . . . Authchips . | . . . . . . . . . . . . . . . . . . . . . . Time 111 | . . . . . . . . . . . . . . . . . . . . 111 . Total Part Build Rating . | . . . . . . . . . . . . . . . . . . . . . . Parts Repaired . | . . . . . . . . . . . . . . . . . . . . . . Time . | . . . . . . . . . . . . . . . . . . . . . . Parts Recycled . | . . . . . . . . . . . . . . . . . . . . . . Recycled Matter . | . . . . . . . . . . . . . . . . . . . . . . Retrieved Matter . | . . . . . . . . . . . . . . . . . . . . . . Retrieved Components 10 | . 10 . . . . . . . . . . . . . . . . . . . . Parts Scanalyzed 1 | . . . . . . . . . . . . . . . . . . . 1 . . Part Schematics Acquired . | . . . . . . . . . . . . . . . . . . . . . . Parts Damaged . | . . . . . . . . . . . . . . . . . . . . . . Bothacking | -11 -10 -10 -8 -8 -6 -5 -5 -5 -5 -4 -4 -4 -4 -4 -3 -3 -3 -3 -2 -2 -1 ------------ Run | Yrd Mat Sub Rec Scr Fac Fac Upp Upp Zhi Pro Fac Upp Upp War Pro Res Arm Lab Res Tes Acc Used RIF Installer . | . . . . . . . . . . . . . . . . . . . . . . Robots Hacked . | . . . . . . . . . . . . . . . . . . . . . . Non-combat . | . . . . . . . . . . . . . . . . . . . . . . Combat . | . . . . . . . . . . . . . . . . . . . . . . Robot Hacks Applied . | . . . . . . . . . . . . . . . . . . . . . . Relay Couplers Released . | . . . . . . . . . . . . . . . . . . . . . . Fabnet Peak Effective % 3 | . . . . . . . . . . . . . . . . . . . . . 3 Robots Rewired 1 | . . . . . . . . . . . . . . . . . . . . . 1 Allies Hacked . | . . . . . . . . . . . . . . . . . . . . . . Hacks Repelled . | . . . . . . . . . . . . . . . . . . . . . . Allies | -11 -10 -10 -8 -8 -6 -5 -5 -5 -5 -4 -4 -4 -4 -4 -3 -3 -3 -3 -2 -2 -1 -------- Run | Yrd Mat Sub Rec Scr Fac Fac Upp Upp Zhi Pro Fac Upp Upp War Pro Res Arm Lab Res Tes Acc Total Allies 29 | . . . . . 5 . . . . . 1 . . . . 10 . . 10 . 3 Largest Group 6 | . . . . . 5 . . . . . 1 1 . . . 6 . . 5 . 3 Highest-Rated Group 387 | . . . . . 140 . . . . . 26 26 . . . 387 . . 323 . 376 Highest-Rated Ally 132 | . . . . . 28 . . . . . 26 26 . . . 67 . . 67 . 132 Total Orders . | . . . . . . . . . . . . . . . . . . . . . . Ally Attacks 156 | . . . . . 30 . . . . . . . . . . 66 . . 59 . 1 Total Damage 3872 | . . . . . 426 . . . . . . . . . . 1920 . . 1430 . 96 Kills 13 | . . . . . 2 . . . . . . . . . . 6 . . 5 . . Allies Corrupted 2 | . . . . . . . . . . . . 1 . . . . . . . . 1 Allies Melted 1 | . . . . . . . . . . . . . . 1 . . . . . . . Intel | -11 -10 -10 -8 -8 -6 -5 -5 -5 -5 -4 -4 -4 -4 -4 -3 -3 -3 -3 -2 -2 -1 ------- Run | Yrd Mat Sub Rec Scr Fac Fac Upp Upp Zhi Pro Fac Upp Upp War Pro Res Arm Lab Res Tes Acc Robot Analysis Total 12 | . 1 . 1 6 . . . . 4 . . . . . . . . . . . . Derelict Logs Recovered 10 | . . 2 . 3 . . 1 . . 1 . 3 . . . . . . . . . Drone Launches . | . . . . . . . . . . . . . . . . . . . . . . Drone Recoveries . | . . . . . . . . . . . . . . . . . . . . . . Exploration | -11 -10 -10 -8 -8 -6 -5 -5 -5 -5 -4 -4 -4 -4 -4 -3 -3 -3 -3 -2 -2 -1 ------------- Run | Yrd Mat Sub Rec Scr Fac Fac Upp Upp Zhi Pro Fac Upp Upp War Pro Res Arm Lab Res Tes Acc Turns Passed 9690 | . 1282 2407 648 2251 337 87 101 141 90 80 20 133 120 952 163 241 12 60 234 89 242 Spaces Moved 8911 | 1 602 1493 388 1252 590 193 204 189 159 263 46 355 194 882 347 549 13 102 548 284 257 Core 347 | . . 23 . 94 . . . 6 60 . . . . . . 1 . . . . 163 Treads 2811 | . 482 782 388 1158 1 . . . . . . . . . . . . . . . . Legs 91 | 1 32 . . . . . . . . . . . . . . . . . . . 58 Wheels 806 | . 88 688 . . . . . . . . . . . . . . . . . . 30 Hover . | . . . . . . . . . . . . . . . . . . . . . . Flight 4856 | . . . . . 589 193 204 183 99 263 46 355 194 882 347 548 13 102 548 284 6 Fastest Speed 12 | 120 80 95 160 50 34 34 34 34 30 24 27 17 27 24 22 22 24 12 12 21 25 Average Speed 81 | 120 146 136 160 173 36 34 34 39 40 29 27 26 27 25 23 25 47 23 20 24 70 Slowest Speed 750 | 120 160 400 160 255 255 34 34 200 250 30 27 27 27 89 24 750 86 91 25 25 120 Overloaded Moves 159 | . . . . . . . . . . 20 . 17 . . 18 5 . 37 20 38 4 Propulsion Burnouts . | . . . . . . . . . . . . . . . . . . . . . . Robots Hopped 51 | . . . . . 16 5 1 . . 2 1 3 . 4 1 6 . . 3 9 . Cave-ins Triggered . | . . . . . . . . . . . . . . . . . . . . . . Teleports 2 | . . . . . . . . . . . . . . . . . 1 . 1 . . Exploration Rate (%) 44 | 2 81 91 79 69 19 8 46 44 60 52 1 61 40 89 55 15 2 93 21 34 10 Regions Visited 21 Branch Regions 14 Pre-discovered Areas 12 | . 2 1 . 3 . . . . 3 1 . 1 . 1 . . . . . . . Known Exits Taken 19 | . 1 1 . 1 1 1 1 1 1 1 1 1 1 1 1 1 1 1 1 1 . Unknown Exits Taken 2 | 1 . . 1 . . . . . . . . . . . . . . . . . . Scrap Searched 20 | . . 5 . 6 . . 2 2 . . . 3 1 . 1 . . . . . . Spaces Dug 2 | . . 2 . . . . . . . . . . . . . . . . . . . Terrain Destroyed 128 | . 39 20 42 . . . . . . . . . . 23 3 1 . . . . . Melee . | . . . . . . . . . . . . . . . . . . . . . . Projectile 29 | . . 8 . . . . . . . . . . . 17 3 1 . . . . . AOE 99 | . 39 12 42 . . . . . . . . . . 6 . . . . . . . Terrain Rammed . | . . . . . . . . . . . . . . . . . . . . . . Walls Destroyed . | . . . . . . . . . . . . . . . . . . . . . . Machines Disabled . | . . . . . . . . . . . . . . . . . . . . . . Actions | -11 -10 -10 -8 -8 -6 -5 -5 -5 -5 -4 -4 -4 -4 -4 -3 -3 -3 -3 -2 -2 -1 --------- Run | Yrd Mat Sub Rec Scr Fac Fac Upp Upp Zhi Pro Fac Upp Upp War Pro Res Arm Lab Res Tes Acc Total 10809 | . 925 1691 408 1345 659 200 216 224 183 262 50 380 256 1566 413 632 17 137 640 293 312 Wait 1257 | . 217 51 12 2 29 2 5 16 4 1 . 11 60 650 53 67 . 15 55 5 2 Move 8790 | . 601 1492 387 1251 557 183 201 188 158 258 43 348 193 874 344 536 12 101 541 266 256 Hop 49 | . . . . . 16 4 1 . . 2 1 3 . 3 1 6 . . 3 9 . Pick Up 73 | . 15 8 . 24 6 3 . . 5 . 1 2 . 4 . 2 . 1 1 1 . Fast Attach 72 | . 6 6 . 7 5 1 . 1 5 . . 3 1 5 5 4 2 6 6 3 6 Attach 39 | . 2 2 . 2 8 2 . . 1 . 3 1 . . . 4 1 2 6 2 3 Detach 27 | . 1 . . 2 . 1 . 1 . . 1 2 . . . 3 . 5 4 3 4 Swap 68 | . 12 15 1 21 5 . . . 3 . . . . 5 . . 1 1 4 . . Drop 123 | . 21 18 . 36 11 . . 1 7 . . 4 . 8 3 3 1 5 1 2 2 Fire 261 | . 43 96 6 . 19 4 9 17 . . 1 6 2 17 7 7 . 1 19 2 5 Melee . | . . . . . . . . . . . . . . . . . . . . . . Ram 2 | . . . . . . . . . . 1 . . . . . . . . . . 1 Kick . | . . . . . . . . . . . . . . . . . . . . . . Crush 9 | . 7 . 2 . . . . . . . . . . . . . . . . . . Escape Stasis 31 | . . . . . . . . . . . . . . . . . . . . . 31 Rewire 4 | . . 2 . . . . . . . . . . . . . . . . . . 2 Trap 4 | . . 1 . . 3 . . . . . . . . . . . . . . . . Miscellaneous . | . . . . . . . . . . . . . . . . . . . . . . Route ------- -11/Scrapyard -10/Materials (discovered 5 exits: *Mat x3 / *Min / *Sub) -10/Subcaves (discovered 3 exits: [*Mat x2] / *Rec) -8/Recycling -8/Scraptown (discovered 2 exits: *Fac x2) -6/Factory (discovered 3 exits: *Fac x2 / Low) -5/Factory (discovered 5 exits: Fac x4 / *Upp) -5/Upper Caves -5/Upper Caves (discovered 2 exits: Fac / *Zhi) -5/Zhirov -4/Proximity Caves -4/Factory (discovered 3 exits: Res / *Upp x2) -4/Upper Caves -4/Upper Caves -4/Warlord -3/Proximity Caves -3/Research (discovered 5 exits: Res x2 / *Arm / Qua x2) -3/Armory -3/Lab -2/Research (discovered 2 exits: *Tes x2) -2/Testing -1/Access To Fleet Rendezvous History --------- Turn | Location | Event 1 | -11/Scrapyard | Discovered new exit (range 0) 1 | -11/Scrapyard | Entered Materials 324 | -10/Materials | Build established: Mutant 410 | -10/Materials | Discovered new exit (range 13) 645 | -10/Materials | Discovered new exit (range 12) 878 | -10/Materials | Learned 2 Storage zone layouts 922 | -10/Materials | Identified exit to Mines 922 | -10/Materials | Identified exit to Materials 922 | -10/Materials | Identified exit to Subcaves 956 | -10/Materials | Learned location of Subcaves (-10) 1023 | -10/Materials | Learned 4 Recycling zone layouts 1109 | -10/Materials | Loaded intel: 8 trap records 1283 | -10/Materials | Entered Subcaves 1519 | -10/Subcaves | Discovered new exit (range 5) 1522 | -10/Subcaves | Shifting Twisted Machinery released Battle Cannon 1530 | -10/Subcaves | Shifting Twisted Machinery released Flamer 1533 | -10/Subcaves | Discovered new exit (range 8) 1640 | -10/Subcaves | Shifting Twisted Machinery released Riot Gun 1647 | -10/Subcaves | Shifting Twisted Machinery released Flamer 1863 | -10/Subcaves | Visited Clippyterm 1868 | -10/Subcaves | Identified exit to Recycling 1868 | -10/Subcaves | Learned Factory stockpile data 1926 | -10/Subcaves | A swath of the cavern ceiling suddenly collapsed 2019 | -10/Subcaves | Lost 3 parts (1p2n) 2638 | -10/Subcaves | Core integrity fell below 50% 2842 | -10/Subcaves | A swath of the cavern ceiling suddenly collapsed 2870 | -10/Subcaves | Core integrity fell below 20% 2908 | -10/Subcaves | Learned location of Zion (-6) 2908 | -10/Subcaves | Met a Zionite searching for "candidates" 2923 | -10/Subcaves | Disturbed a concealed Subdweller 3215 | -10/Subcaves | Learned Materials machine intel 3264 | -10/Subcaves | Visited 4L-MR0's lab 3282 | -10/Subcaves | Found Flightbrick 3690 | -10/Subcaves | Entered Recycling 4302 | -8/Recycling | Scanned before Scraplab entrance 4324 | -8/Recycling | Entered Scraplab 4337 | -8/Recycling | Discovered new exit (range 2) 4338 | -8/Recycling | Entered Scraptown 4590 | -8/Scraptown | Visited Cyclists 4652 | -8/Scraptown | Scanned Subdweller tech in exchange for log data 4657 | -8/Scraptown | Learned location of 2 exits from Upper Caves 4659 | -8/Scraptown | Learned Factory stockpile data 4660 | -8/Scraptown | Learned Research stockpile data 4680 | -8/Scraptown | Discovered new exit (range 11) 4761 | -8/Scraptown | Visited Awakened 4780 | -8/Scraptown | Visited Comm Corps 4805 | -8/Scraptown | Visited UFD Registry 4805 | -8/Scraptown | Registered with UFD as "Geargrid" 4829 | -8/Scraptown | Visited Fellowship of the Rings 4927 | -8/Scraptown | Heard Great Nut preacher, LISTEN AND RECITE! 4989 | -8/Scraptown | Visited Curators Association 5050 | -8/Scraptown | Visited Abandonware Association 5065 | -8/Scraptown | Learned abandonware demo "OVRCLOCK.EXE" 5076 | -8/Scraptown | Learned abandonware demo "REVENGE.EXE" 5116 | -8/Scraptown | Visited Junk Repository 5159 | -8/Scraptown | Visited Junk Repository 5261 | -8/Scraptown | Visited Infowarlord's Domain 5357 | -8/Scraptown | Found Exp. Terrain Scanner 5393 | -8/Scraptown | Visited DA-N13 Charitable Foundation 5408 | -8/Scraptown | Found DCF Scrap (29 items) 5502 | -8/Scraptown | Visited Analyses Database 5715 | -8/Scraptown | Visited Science Guys 6009 | -8/Scraptown | Visited Cartography Club 6058 | -8/Scraptown | Found Surveybot 17 Chip 6135 | -8/Scraptown | Found Deep Structural Scanner 6141 | -8/Scraptown | Learned location of Extension (-5) 6141 | -8/Scraptown | Learned location of Armory (-3) 6141 | -8/Scraptown | Learned 24 Factory zone layouts 6141 | -8/Scraptown | Learned 4 Access zone layouts 6141 | -8/Scraptown | Learned 4 Recycling zone layouts 6141 | -8/Scraptown | Learned 8 Materials zone layouts 6141 | -8/Scraptown | Learned 8 Access zone layouts 6141 | -8/Scraptown | Learned 8 Lower Caves zone layouts 6141 | -8/Scraptown | Learned 16 Lower Caves zone layouts 6141 | -8/Scraptown | Learned 8 Upper Caves zone layouts 6141 | -8/Scraptown | Learned 24 Upper Caves zone layouts 6141 | -8/Scraptown | Learned 24 Proximity Caves zone layouts 6141 | -8/Scraptown | Learned Research emergency access door positions 6141 | -8/Scraptown | Learned location of 1 exit from Research 6141 | -8/Scraptown | Learned location of 1 exit from Lower Caves 6141 | -8/Scraptown | Learned location of 2 exits from Lower Caves 6141 | -8/Scraptown | Identified exit to Factory 6589 | -8/Scraptown | Entered Factory 6589 | -6/Factory | Evolved 8 slots: Propulsion x3, Utility x5 6590 | -6/Factory | Identified exit to Factory 6591 | -6/Factory | Identified exit to Lower Caves 6594 | -6/Factory | Attached Flightbrick, gained temporary slots: Utility x3 6811 | -6/Factory | Scrapoids reinforcements arrived? 6880 | -6/Factory | Build established: Hacker-Mutant 6926 | -6/Factory | Entered another Factory area 6926 | -5/Factory | Evolved 2 slots: Propulsion x1, Weapon x1 6957 | -5/Factory | Identified exit to Factory 7002 | -5/Factory | Discovered new exit (range 16) 7012 | -5/Factory | Identified exit to Upper Caves 7013 | -5/Factory | Entered Upper Caves 7014 | -5/Upper Caves | Identified exit to Upper Caves 7078 | -5/Upper Caves | Learned location of 1 exit from Factory 7081 | -5/Upper Caves | Attracted the attention of an 0b10 checkpoint 7114 | -5/Upper Caves | Entered another Upper Caves area 7131 | -5/Upper Caves | Attracted the attention of an 0b10 outpost 7131 | -5/Upper Caves | Encountered a Warlord checkpoint 7190 | -5/Upper Caves | Lost 4 parts (1p2u1w) 7204 | -5/Upper Caves | Discovered new exit (range 27) 7253 | -5/Upper Caves | Identified exit to Zhirov 7255 | -5/Upper Caves | Entered Zhirov 7255 | -5/Zhirov | Discovered new exit (range 3) 7266 | -5/Zhirov | Met Zhirov 7281 | -5/Zhirov | Learned location of Quarantine (-3) 7281 | -5/Zhirov | Learned location of Testing (-2) 7281 | -5/Zhirov | Learned location of Command (-1) 7284 | -5/Zhirov | Zhirov requested help retrieving the SGEMP Prototype 7293 | -5/Zhirov | Found Alien Artifact 7293 | -5/Zhirov | Identified Integrated Dissipator 7293 | -5/Zhirov | Installed Integrated Dissipator, increased core heat dissipation (+20) 7329 | -5/Zhirov | Found Alien Artifact 7344 | -5/Zhirov | Identified exit to Proximity Caves 7345 | -5/Zhirov | Entered Proximity Caves 7367 | -4/Proximity Caves | Spotted B-86 Titan 7394 | -4/Proximity Caves | Spotter reported a threat 7395 | -4/Proximity Caves | Spotter reported a threat 7425 | -4/Proximity Caves | Entered Factory 7425 | -4/Factory | Evolved 2 slots: Propulsion x1, Utility x1 7426 | -4/Factory | Identified exit to Research 7435 | -4/Factory | Discovered new exit (range 13) 7444 | -4/Factory | Discovered new exit (range 5) 7445 | -4/Factory | Identified exit to Upper Caves 7445 | -4/Factory | Entered Upper Caves 7445 | -4/Upper Caves | Accompanied by 1 ally 7481 | -4/Upper Caves | Spotted B-86 Titan 7543 | -4/Upper Caves | Acquired the password to a Derelict Tinkerer's latest research 7547 | -4/Upper Caves | Found Prototype Special Weapon 7547 | -4/Upper Caves | Identified Molecular Deconstructor 7570 | -4/Upper Caves | Identified exit to Upper Caves 7572 | -4/Upper Caves | Learned Research stockpile data 7577 | -4/Upper Caves | Attracted the attention of an 0b10 checkpoint 7578 | -4/Upper Caves | Entered another Upper Caves area 7606 | -4/Upper Caves | Build established: Hacker-Sprinter 7622 | -4/Upper Caves | Encountered a Warlord checkpoint 7697 | -4/Upper Caves | Discovered new exit (range 3) 7697 | -4/Upper Caves | Identified exit to Warlord 7698 | -4/Upper Caves | Entered Warlord 7699 | -4/Warlord | Identified exit to Proximity Caves 7708 | -4/Warlord | System corruption cleaned by Quarantine Array 7727 | -4/Warlord | Received a Watcher feed algorithm from an ecstatic Tinkerer 7756 | -4/Warlord | Learned 4 Quarantine zone layouts 7756 | -4/Warlord | Learned Factory recycling unit intel 7756 | -4/Warlord | Learned Factory scanalyzer intel 7792 | -4/Warlord | Visited the Vortex Lab 7795 | -4/Warlord | Found Prototype Energy Gun 7795 | -4/Warlord | Identified Vortex Rail 7796 | -4/Warlord | Found Vortex Rail 7800 | -4/Warlord | Found Prototype Energy Cannon 7800 | -4/Warlord | Identified Vortex Driver 7814 | -4/Warlord | Warlord's base attacked by MAIN.C 7824 | -4/Warlord | Rebuked by Warlord 7837 | -4/Warlord | Found Prototype Hackware 7875 | -4/Warlord | Opened side exit 8164 | -4/Warlord | Warlord forces counterattacked 8489 | -4/Warlord | Warlord base infiltrated, sounded retreat 8490 | -4/Warlord | Enhanced Grunt warped into view 8490 | -4/Warlord | Enhanced Grunt warped into view 8490 | -4/Warlord | Enhanced Grunt warped into view 8490 | -4/Warlord | Enhanced Demolisher warped into view 8490 | -4/Warlord | Enhanced Demolisher warped into view 8490 | -4/Warlord | Enhanced Demolisher warped into view 8545 | -4/Warlord | Spotted Executioner 8547 | -4/Warlord | Spotted Executioner 8581 | -4/Warlord | Spotted Striker 8607 | -4/Warlord | Destroyed Executioner 8620 | -4/Warlord | Spotted Executioner 8629 | -4/Warlord | Destroyed Executioner 8643 | -4/Warlord | Spotted Executioner 8650 | -4/Warlord | Destroyed 7 combat bots 8650 | -4/Warlord | Entered Proximity Caves 8655 | -3/Proximity Caves | Lost 18 allies 8698 | -3/Proximity Caves | Found Alien Artifact 8698 | -3/Proximity Caves | Identified Dimensional Node Initializer 8698 | -3/Proximity Caves | Initialized slip node 8811 | -3/Proximity Caves | Discovered exit to Research (range 9) 8813 | -3/Proximity Caves | Entered Research 8813 | -3/Research | Evolved 2 slots: Power x1, Utility x1 8814 | -3/Research | Identified exit to Quarantine 8815 | -3/Research | Identified exit to Research 8815 | -3/Research | Identified System Mapper 8846 | -3/Research | Scrapoid reinforcements arrived 8869 | -3/Research | Spotted B-86 Titan 8881 | -3/Research | Destroyed B-86 Titan 8912 | -3/Research | Found Exp. Terrain Scanner 8920 | -3/Research | Identified exit to Armory 8922 | -3/Research | Lost 4 allies 8955 | -3/Research | Discovered exit to Research (range 13) 9020 | -3/Research | Scrapoid reinforcements arrived 9054 | -3/Research | Entered Armory 9061 | -3/Armory | Identified Transdimensional Reconstructor 9061 | -3/Armory | Warped through subspace to slip node 9061 | -3/Armory | Discovered new exit (range 1) 9061 | -3/Armory | Identified exit to Lab 9066 | -3/Armory | Entered Lab 9066 | -3/Lab | Discovered exit to Research (range 10) 9074 | -3/Lab | Unable to decrypt terminal 9074 | -3/Lab | Opened the door to a hidden lab 9075 | -3/Lab | Gained access to the hidden lab's interior 9089 | -3/Lab | Detected by scanners 9090 | -3/Lab | Found Alien Artifact 9090 | -3/Lab | Identified Core Reset Matrix 9090 | -3/Lab | Used Core Reset Matrix 9094 | -3/Lab | Sensed 3 artifacts in vicinity 9099 | -3/Lab | Confronted by A5 9099 | -3/Lab | Found Transdimensional Reconstructor 9104 | -3/Lab | Found Prototype Hackware 9104 | -3/Lab | Identified Deep Network Scanner 9110 | -3/Lab | Found Prototype Energy Gun 9110 | -3/Lab | Identified Hyp. EM Gauss Rifle 9114 | -3/Lab | Found Prototype Energy Cannon 9114 | -3/Lab | Identified Warp Cannon 9118 | -3/Lab | Found Prototype Special Weapon 9118 | -3/Lab | Identified Gui. Remote Datajack 9124 | -3/Lab | Discovered exit to Research (range 9) 9126 | -3/Lab | Entered Research 9126 | -2/Research | Evolved 2 slots: Propulsion x1, Utility x1 9161 | -2/Research | Warped through subspace 9200 | -2/Research | Build established: Wizard-Scout 9207 | -2/Research | Spotted B-90 Cyclops 9226 | -2/Research | Scrapoids reinforcements arrived? 9262 | -2/Research | Identified exit to Testing 9310 | -2/Research | Scrapoids reinforcements arrived? 9310 | -2/Research | Garrison activated, responded to threat 9360 | -2/Research | Entered Testing 9361 | -2/Testing | Lost 5 allies 9392 | -2/Testing | Spotted Striker 9395 | -2/Testing | Spotted Striker 9396 | -2/Testing | Protovariant out of control (PL-SMYTS39IKB) 9396 | -2/Testing | Unleashed a protovariant (PL-SMYTS39IKB) 9400 | -2/Testing | Spotted Alpha 7 9403 | -2/Testing | Stole the SGEMP Prototype 9417 | -2/Testing | Spotted PL-VBIGE6ALW3 9433 | -2/Testing | Found Prototype Energy Gun 9433 | -2/Testing | Identified Tachyon Dispersion Ray 9439 | -2/Testing | Discovered new exit (range 15) 9440 | -2/Testing | Spotted PL-SMYTS39IKB 9449 | -2/Testing | Identified exit to Access 9449 | -2/Testing | Entered Access 9449 | -1/Access | Evolved 2 slots: Utility x1, Weapon x1 9450 | -1/Access | Attacked by Zhirov 9484 | -1/Access | System corruption reached 10% 9517 | -1/Access | Lost 11 parts (2p5n3u1w) 9658 | -1/Access | Identified exit to Surface 9691 | *** | Heading to fleet! Last Messages --------------- 09629_ ALERT: Alarm triggered, dispatching investigation squad. 09641_ Acquired 23 matter. 09643_ System corrupted: IFF burst signal emitted. 09644_ Acquired Corrupted Unknown Wheel. 09644_ Identified Wheel. 09644_ Integrated Corrupted Wheel (+1). 09645_ Centrium Leg severed. 09645_ Acquired Centrium Leg. 09658_ System corrupted: Matter fused (-6). 09658_ Connecting with Terminal... >>Access(Main) Found 1 level access point to Surface: (84,175) Map updated. 09674_ Dropped Enh. Nova Cannon. 09682_ System corrupted: Heat flow error (+154). 09687_ Connecting with Terminal... >>Open(Door) Sealed Barrier opened. 09688_ The Access Shell folds into the floor. Map ----- +----------------------------------------------------+ | ?????????????????????????????????????????????????? | | ?????????????????????????????????????????????????? | | ?????????????????????????????????????????????????? | | ?????????????????????????????????????????????????? | | ?????????????????????????????????????????????????? | | ?????????????????????????????????????????????????? | | ?????????????????????????????????????????????????? | | ?????????????????????????????????????????????????? | | ?????????????????????????????????????????????????? | | ?????????????????????????????????????????????????? | | ?????????????????????????????????????????????????? | | ?????????????????????????????????????????????????? | | ?????????????????????????????????????????????????? | | ?????????????????????????????????????????????????? | | ?????????????????????????????????????????????????? | | ?????????????????????????????????????????????????? | | ?????????????????????????????????????????????????? | | ?????????????????????????????????????????????????? | | ?????????????????????????????????????????????????? | | ?????????????????????????????????????????????????? | | ???????????????????#""""""""""#??????????????????? | | ???????????????????# #??????????????????? | | ???????????????????# #??????????????????? | | ???????????????????# #??????????????????? | | ???????????????????# "" #??????????????????? | | ???????????????????# "@ #???????????????#### | | ???????????????????# #???????????????# | | ???????????????????# #???????????????# | | ???????????????????# #???????????????# | | ??????????????????## ##??????????????# | | ??????????????????# #??????????????# | | ??????????????????##"" ##??????????????# | | ???????????????????#"" #???????????????# | | ???????????????????#"" #???????????????# | | ???????????????????#T #???????????????# | | ???????????????????#"" #???????????????# | | ???????????????????#"" #???????????????? | | ??????????????????##"" ############+######+ | | ?????????????? ] | | ???????????? | | ?????????????#############################/####### | | ????????????????????????????????????????? ?????? | | ????????????????????????????????????????? ?????? | | ???????????????????????????????????????? ????? | | ???????????????????????????????????????? ????? | | ???????????????????????????#??????????? ???? | | ?????????????????????????????????#????? ???? | | ?????????????????????????#???????????? ### | | ?????????????????????????????????????? ### | | ?????????????????????????????????????############# | +----------------------------------------------------+ Best States ------------- Heat Dissipation 72 Energy Generation 57 Energy Capacity 600 Matter Stores 300 Matter Capacity 300 Sight Range 22 Robot Scan Range 16 Terrain Scan Range 30 Terrain Scan Density 1310 Armor Coverage 225 Propulsion Shielding 66 Utility Shielding 66 Weapon Shielding 90 Evasion (%) 66 Recoil Reduction 2 Offensive Hacking 55 Defensive Hacking 34 Item Schematics ----------------- Exp. Core Analyzer | -2/Research | Hacked Cld. Q-thruster | -2/Testing | Hacked Robot Schematics ------------------ None Fabricated ------------ Nothing Alien Tech Used ----------------- Integrated Dissipator Dimensional Node Initializer Transdimensional Reconstructor Core Reset Matrix Achievements -------------- None Challenges ------------ None Game ------ Seed SpikedImpactHumpback Manual? 0 Play Time 01:17:31 Cumulative 860.9 hours Start 2024.08.14 @ 10:03:25 End 2024.08.14 @ 11:26:41 Sessions 1 Manual Loads 0 Difficulty Rogue Special Mode None Game No. 1035 Rogue 756 Adventurer 124 Explorer 155 Win Type 2 Total 37 Types 28/0/7/1/0/0/0/1/0 Lore% 75 Gallery% 89 Achievement% 78 Wizard Run 0 Options --------- Layout 0 ASCII 0 Keyboard 1 Movement Numpad Keybinds 0 Fullscreen 2 Font 18/Smallcaps Map View 76x50 Zoom Use 0% Tactical HUD 1 Map Filters NONE Filters NONE Steam 1 RUN: 656b6945-1133-4446-bebc-143ceaad7dd1